 Dungeon Crawl Stone Soup version 0.24-a0-446-g87df7205b4 (webtiles) character file.

Game seed: 11186252573026684675

154 theanonym the Cudgeler (level 5, 0/38 HPs)
             Began as a Mummy Warper on June 24, 2019.
             Slain by an adder (3 damage)
             ... on level 2 of the Dungeon.
             The game lasted 00:03:33 (2846 turns).

theanonym the Cudgeler (Mummy Warper)               Turns: 2846, Time: 00:03:34

Health: 0/38       AC:  9    Str: 15    XL:     5   Next: 13%
Magic:  9/9        EV:  6    Int: 13    God:
Gold:   124        SH:  0    Dex: 11    Spells: 9/9 levels left

rFire    x . .     SeeInvis .   a - +0 flail
rCold    + . .     Gourm    .   (no shield)
rNeg     + + +     Faith    .   c - +0 chain mail
rPois    ∞         Spirit   .   b - +0 helmet
rElec    .         Reflect  .   (no cloak)
rCorr    .         Harm     .   (no gloves)
MR       .....                  (no boots)
Stlth    ..........             j - amulet of the acrobat
HPRegen  0.12/turn              (no ring)
MPRegen  0.11/turn              (no ring)

@: no status effects
A: no food or potions, fire vulnerability, cold resistance 1, negative energy
resistance 3, torment resistance, unbreathing
a: no special abilities


Innate Abilities, Weirdness & Mutations

You do not eat or drink.
Your flesh is vulnerable to fire.
You are immune to poison.
Your flesh is cold resistant. (rC+)
You are immune to negative energy. (rN+++)
You are immune to unholy pain and torment.
You can survive without breathing.


   Skills:
 - Level 2.0 Fighting
 + Level 4.4 Maces & Flails
 - Level 0.7 Throwing
 - Level 0.7 Armour
 - Level 1.5 Dodging
 - Level 2.6 Spellcasting
   Level 2.4 Translocations


You had 9 spell levels left.
You didn't know any spells.
Your spell library contained the following spells:

 Spells                   Type           Power        Failure   Level  Hunger
 Blink                    Tloc           N/A          97%         2    N/A
 Shroud of Golubria       Chrm/Tloc      #.....       99%         2    N/A
 Gell's Gravitas          Tloc           #.........   99%         3    N/A
 Lesser Beckoning         Tloc           #.........   99%         3    N/A
 Teleport Other           Tloc           #.......     99%         3    N/A
 Passage of Golubria      Tloc           N/A          100%        4    N/A

Skill      XL: |  1  2  3  4 |
---------------+-------------+-----
Maces & Flails | 2 3 4 |  4.4
Fighting       | |  2.0
Throwing       | |  0.7
Armour         | |  0.7
Dodging        | |  1.5
Spellcasting   | |  2.6
Translocations | |  2.4

Action                   |  1- 3 |  4- 6 || total
-------------------------+-------+-------++-------
Melee: Mace              |   140 |    30 ||   170
       Flail             |       |    81 ||    81
  Use: Scroll            |     5 |       ||     5
Armor: Leather armour    |    22 |       ||    22
       Chain mail        |    73 |    66 ||   139
Dodge: Dodged            |    77 |    71 ||   148

Inventory:

Hand Weapons
 a - a +0 flail (weapon)
Missiles
 e - 5 boomerangs of dispersal (quivered)
Armour
 b - a +0 helmet (worn)
 c - a +0 chain mail (worn)
Jewellery
 j - an amulet of the acrobat (around neck)
Scrolls
 n - 3 scrolls of remove curse
 t - 2 scrolls of teleportation
 B - a scroll of blinking


You were on level 2 of the Dungeon.
You were not hungry.

You visited 1 branch of the dungeon, and saw 3 of its levels.

You collected 124 gold pieces.

Dungeon Overview and Level Annotations

Branches:
Dungeon (3/15)

Altars:

#.#### ####.### #....##.#
#.## #......#
#..#.##.##### ...#
#.##.#.# #...........#
...# #.##.#.#
##.####.###.## ...#
#.##.#.# #......# #..#
...# #.##.#.###########
##.#
...########......##†....#
#.#
...........###.####>....#
#.#
................@Sg.)...#
#.#
.............#.###K.....#
####.# ...###.##......#
#......# #..... ...#
#.####..#.###.######
#.##.# ...#
#.####........# #.##.#
...# #..)....#.#########
#.##.#
...###########.#####...#
#..... #.......#
#.........########.#
#######.#
#####..............#


You could see an adder, a hobgoblin and a kobold.

Notes
Turn   | Place    | Note
-------+----------+-------------------------------------------
     0 | D:1      | theanonym the Mummy Warper began the quest for the Orb.
     0 | D:1      | Reached XP level 1. HP: 16/16 MP: 4/4
   150 | D:1      | Reached skill level 2 in Maces & Flails
   155 | D:1      | Reached XP level 2. HP: 19/22 MP: 5/5
   912 | D:2      | Reached XP level 3. HP: 26/27 MP: 7/7
   924 | D:2      | Reached skill level 3 in Maces & Flails
  1100 | D:2      | HP: 13/27 [adder (1)]
  1105 | D:2      | HP: 9/27 [adder (1)]
  1113 | D:2      | Noticed Terence
  1201 | D:2      | HP: 13/27 [adder (1)]
  1427 | D:2      | HP: 12/27 [orc priest/divine providence (15)]
  1841 | D:2      | Reached XP level 4. HP: 33/33 MP: 8/8
  2156 | D:2      | Reached skill level 4 in Maces & Flails
  2555 | D:2      | Reached XP level 5. HP: 34/38 MP: 9/9
  2833 | D:3      | HP: 18/38 [gnoll/+0 spear (2)]
  2839 | D:2      | HP: 15/38 [gnoll/+0 whip (2)]
  2844 | D:2      | HP: 7/38 [adder (4)]
  2846 | D:2      | HP: 3/38 [adder (1)]
  2846 | D:2      | Slain by an adder

Vanquished Creatures
  An orc priest (D:2)
  2 gnolls (D:2)
  3 adders (D:2)
  2 oozes
  3 worms (D:2)
  3 dart slugs
  2 orcs
  2 ball pythons
  5 bats
  A giant cockroach (D:2)
  5 goblins
  8 hobgoblins
  3 jackals (D:1)
  5 frilled lizards
  8 kobolds
  3 rats
56 creatures vanquished.

Table legend:
 A = Turns spent in this place as a percentage of turns spent in the entire game.
 B = Non-inter-level travel turns spent in this place as a percentage of non-inter-level travel turns spent in the entire game.
 C = Inter-level travel turns spent in this place as a percentage of turns spent in this place.
 D = Turns resting spent in this place as a percentage of non-inter-level travel turns spent in this place.
 E = Turns spent auto-exploring this place as a percentage of non-inter-level travel turns spent in this place.
 F = Non-inter-level travel turns spent in this place divided by the number of levels of this place that you've seen.
                   A       B       C       D       E      F
               +-------+-------+-------+-------+-------+----------------------
         Total | 100.0 | 100.0 |   5.2 |  37.6 |  40.1 | 899.7
       Dungeon | 100.0 | 100.0 |   5.2 |  37.6 |  40.1 | 899.7
               +-------+-------+-------+-------+-------+----------------------
